 Dungeon Sprint DCSS version 0.19-a0-1889-g9c603be (webtiles) character file.

5 poirepourri the Sneak (level 1, -6/9 HPs)
             Began as a Spriggan Enchanter on Oct 17, 2016.
             Killed by nerve-wracking pain
             ... invoked by Jessica
              (12 damage)
             ... in the Dungeon (Sprint III: "The Ten Rune Challenge").
             The game lasted 00:00:31 (234 turns).

poirepourri the Sneak (Spriggan Enchanter)           Turns: 234, Time: 00:00:32

Health: -6/9       AC:  3    Str:  4    XL:     1   Next: 66%
Magic:  5/5        EV: 19    Int: 16    God:
Gold:   10         SH:  0    Dex: 16    Spells: 1 memorised, 5 levels left

rFire  . . .     SeeInvis +     a - +1 dagger
rCold  . . .     Gourm    .     b - +1 robe
rNeg   . . .     Faith    .     (shield restricted)
rPois  .         Spirit   .     (helmet restricted)
rElec  .         Reflect  .     (no cloak)
rCorr  .         Harm     .     (gloves unavailable)
MR     .....     NoTele   +     (boots unavailable)
Stlth  +++.......               (no amulet)
                                (no ring)
                                (no ring)

@: slowed, quick
A: unfitting armour, see invisible, herbivore 3, speed 3, slow metabolism 2
a: no special abilities


You were in the Dungeon.
You were not hungry.

You visited 1 branch You collected 10 gold pieces.

Inventory:

Hand Weapons
 a - a +1 dagger (weapon)
Armour
 b - a +1 robe (worn)
Scrolls
 i - a scroll of remove curse {unknown}
 j - a scroll of blinking
Potions
 e - a potion of curing
 f - a potion of heal wounds
 g - a potion of haste
 h - 2 potions of magic
Books
 c - a book of Maledictions

   Spells                             Type                      Level
   a - Corona                         Hexes                        1
   b - Ensorcelled Hibernation        Hexes/Ice                    2
   c - Confuse                        Hexes                        3
   d - Tukima's Dance                 Hexes                        3
   e - Dazzling Spray                 Conjuration/Hexes            3
Comestibles
 d - a bread ration


   Skills:
 + Level 1.3 Short Blades
 + Level 3.5 Dodging
 + Level 5.7 Stealth
 + Level 3.0 Spellcasting
 + Level 4.1 Hexes


You had 5 spell levels left.
You knew the following spells:

 Your Spells              Type           Power        Failure   Level  Hunger
a - Corona                Hex            ###....      4%          1    #......


Dungeon Overview and Level Annotations

Branches:
Dungeon (1/1)

Altars:

Annotations:
D Jessica


Innate Abilities, Weirdness & Mutations

You are very small and have problems with some larger weapons.
You are too small for most types of armour.
You have supernaturally acute eyesight. (SInv)
You are a herbivore.
You cover ground extremely quickly.
You need consume almost no food.


Message History

You barely miss Jessica.
Jessica is moderately wounded.
Jessica barely misses you. Jessica misses you.
You hit Jessica but do no damage.
Jessica is moderately wounded.
Jessica misses you. Jessica completely misses you.
You hit Jessica.
Jessica is heavily wounded.
Jessica barely misses you. Jessica misses you.
You hit Jessica but do no damage.
Jessica is heavily wounded.
Jessica casts a spell.
Jessica blinks!
You barely miss Jessica.
Jessica is heavily wounded.
Jessica closely misses you.
Jessica points at you and mumbles some strange words.
Pain shoots through your body!
Ouch! That really hurt!
You die...

▓▓▓▓▓▓▓▓▓
▓<..#...####
▓...#......##
▓..##..@@...#
▓##.##.##...#
##.##.###..#
▓#.####.# ..#
▓.###..## .##
▓#.....# #
###†.##
##..## #..##


You could see Jessica.

Vanquished Creatures
  An ooze (D)
  A rat (D)
2 creatures vanquished.

Vanquished Creatures (others)
  2 draconian scorchers (D)
  6 hellions (D)
  A plant (D)
9 creatures vanquished.

Grand Total: 11 creatures vanquished

Notes
Turn   | Place    | Note
-------+----------+-------------------------------------------
     0 | D        | poirepourri the Spriggan Enchanter began the quest for the Orb.
     0 | D        | Reached XP level 1. HP: 9/9 MP: 5/5
    22 | D        | Reached skill level 5 in Stealth
    95 | D        | Killed a hellion
   120 | D        | Killed a hellion
   121 | D        | Killed a hellion
   121 | D        | Killed a hellion
   142 | D        | Killed a hellion
   143 | D        | Killed a hellion
   197 | D        | Killed a white draconian scorcher
   201 | D        | Noticed Jessica
   216 | D        | Killed a white draconian scorcher
   234 | D        | Killed from afar by Jessica

Vault maps used:
D:        dungeon_sprint_mu

Skill      XL: |  1 |
---------------+----+-----
Stealth        | 5 |  5.7
Spellcasting   | 3 |  3.0
Hexes          | 4 |  4.1
Short Blades   | |  1.3
Dodging        | |  3.5

Action                   || total
-------------------------++-------
Melee: Dagger            ||    33
  Use: Potion            ||     1
Armor: Robe              ||     8
Dodge: Dodged            ||    32
